 Dungeon Crawl Stone Soup version 0.28.0-47-ge53b351184 (webtiles) character file.

Game seed: 16266096671653791967

144 101zpm the Insei (level 5, -1/40 HPs)
             Began as a Gnoll Transmuter on Apr 25, 2022.
             Slain by a black bear (11 damage)
             ... on level 4 of the Dungeon.
             The game lasted 00:03:02 (2073 turns).

101zpm the Insei (Gnoll Transmuter)                 Turns: 2073, Time: 00:03:03

Health: -1/40      AC:  3    Str: 11    XL:     5   Next: 26%
Magic:  12/12      EV: 13    Int: 12    God:
Gold:   59         SH:  0    Dex: 13    Spells: 13/14 levels left

rFire   . . .      SeeInvis .     - Unarmed
rCold   . . .      Faith    .   (no shield)
rNeg    . . .      Spirit   .   a - +0 robe
rPois   .          Reflect  .   (helmet currently unavailable)
rElec   .          Harm     .   (no cloak)
rCorr   .          Rampage  .   c - +0 pair of gloves
Will    .....                   (boots currently unavailable)
Stlth   ++........              (no amulet)
HPRegen 0.13/turn               (no ring)
MPRegen 0.13/turn               (no ring)

@: appendages (expiring), studying Bows
A: horns 2, talons 2, fangs 1, strong nose, distributed training
a: End Transformation


You were on level 4 of the Dungeon.
You had temporarily grown beastly horns and talons.
You visited 1 branch of the dungeon, and saw 4 of its levels.

You collected 59 gold pieces.

Inventory:

Armour
 a - a +0 robe (worn)
 c - a +0 pair of gloves (worn)
 f - a +0 cloak
Wands
 e - a wand of flame (23)
Scrolls
 b - a scroll of vulnerability {unknown}
 d - a scroll of noise {unknown}
 g - a scroll of identify {unknown}
 h - a scroll of amnesia {unknown}
 i - 2 scrolls of teleportation {unknown}
 j - a scroll of brand weapon {unknown}
Potions
 k - a potion of brilliance {unknown}
 l - 2 potions of cancellation {unknown}


   Skills:
 + Level 2.9 Fighting
 + Level 1.4 Short Blades
 + Level 1.4 Long Blades
 + Level 1.4 Axes
 + Level 1.4 Maces & Flails
 + Level 1.4 Polearms
 + Level 1.4 Staves
 + Level 1.4 Slings
 + Level 1.4 Bows
 + Level 1.4 Crossbows
 + Level 1.4 Throwing
 + Level 1.4 Armour
 + Level 4.7 Dodging
 + Level 1.4 Stealth
 + Level 1.4 Shields
 + Level 6.7 Unarmed Combat
 + Level 5.2 Spellcasting
 + Level 1.1 Conjurations
 + Level 1.1 Hexes
 + Level 1.1 Summonings
 + Level 1.1 Necromancy
 + Level 1.1 Translocations
 + Level 3.9 Transmutations
 + Level 1.1 Fire Magic
 + Level 1.1 Ice Magic
 + Level 1.1 Air Magic
 + Level 1.1 Earth Magic
 + Level 1.1 Poison Magic
 + Level 1.6 Invocations
 + Level 1.4 Evocations


You had 13 spell levels left.
You knew the following spells:

 Your Spells              Type           Power      Damage    Failure   Level
a - Beastly Appendage     Tmut           24%        N/A       3%          1

Your spell library contained the following spells:

 Spells                   Type           Power      Damage    Failure   Level
 Wereblood                Tmut           12%        N/A       6%          2
 Spider Form              Tmut/Pois      9%         N/A       21%         3
 Ice Form                 Ice/Tmut       9%         N/A       56%         4


Dungeon Overview and Level Annotations

Branches:
Dungeon (4/15)
 Temple: D:4-7

Altars:

Shops:
D:1 (

Annotations:
D:2 1 runed translucent door, Crazy Yiuf


Innate Abilities, Weirdness & Mutations

You have temporarily grown beastly horns and talons.
You have very sharp teeth.
Your uncanny sense of smell can sniff out nearby items.
Your experience applies equally to all skills.


Message History

You see here 18 sling bullets.
A black bear comes into view.
Found 10 gold pieces and a scroll labelled YTAGHASOHOA.
The black bear growls angrily.
You grow a pair of large bovine horns.
Your feet morph into talons.
Okay, then.
Your transformation is almost over.
The black bear bites you. The black bear claws you.
The black bear closely misses you.
You hit the black bear.
You claw the black bear, but do no damage.
You headbutt the black bear, but do no damage.
The black bear is lightly wounded.
The black bear bites you. The black bear closely misses you.
The black bear claws you.
You hit the black bear. You claw the black bear! You headbutt the black bear.
The black bear is severely wounded.
The black bear bites you. The black bear misses you.
The black bear claws you but does no damage.
You punch the black bear!
The black bear is almost dead.
The black bear goes berserk!
You hit the black bear but do no damage.
You claw the black bear. Your headbutt misses the black bear.
Your bite misses the black bear.
The black bear is almost dead.
The black bear bites you. The black bear closely misses you.
The black bear claws you.
You are too injured to fight recklessly!
You are too injured to fight recklessly!
You are too injured to fight recklessly!
You are too injured to fight recklessly!
You hit the black bear. Your kick misses the black bear.
Your bite misses the black bear.
The black bear is almost dead.
The black bear bites you!
* * * LOW HITPOINT WARNING * * *
The black bear claws you but does no damage.
The black bear barely misses you. The black bear bites you!
You die...

.
...?##########
#$..h@.....#
#.########.#
#.# ########.#
#(.......#
#.######## #<#
###


You could see a black bear (berserk).

Vanquished Creatures
  A centaur (D:3)
  Jessica (D:3)
  An adder (D:2)
  A worm (D:3)
  4 ball pythons
  6 bats
  An endoplasm (D:2)
  A giant cockroach (D:2)
  A goblin (D:2)
  4 hobgoblins (D:3)
  A quokka (D:2)
  A frilled lizard (D:3)
  2 kobolds (D:2)
  3 rats
28 creatures vanquished.

Notes
Turn   | Place    | Note
-------+----------+-------------------------------------------
     0 | D:1      | 101zpm the Gnoll Transmuter began the quest for the Orb.
     0 | D:1      | Reached XP level 1. HP: 17/17 MP: 6/6
    50 | D:1      | Found Zanlyqot's Weapon Emporium.
   135 | D:1      | You fall into a shaft and drop 1 floor!
   280 | D:2      | Found a faded altar of an unknown god.
   315 | D:2      | Reached XP level 2. HP: 18/23 MP: 5/7
   606 | D:2      | Reached XP level 3. HP: 23/28 MP: 9/9
   768 | D:2      | Found a runed translucent door.
   769 | D:2      | Noticed Crazy Yiuf
   814 | D:2      | Reached skill level 5 in Spellcasting
  1496 | D:3      | Noticed Jessica
  1502 | D:3      | Killed Jessica
  1503 | D:3      | Reached skill level 1 in Short Blades
  1503 | D:3      | Reached skill level 1 in Long Blades
  1503 | D:3      | Reached skill level 1 in Axes
  1503 | D:3      | Reached skill level 1 in Maces & Flails
  1503 | D:3      | Reached skill level 1 in Polearms
  1503 | D:3      | Reached skill level 1 in Staves
  1503 | D:3      | Reached skill level 1 in Slings
  1503 | D:3      | Reached skill level 1 in Bows
  1503 | D:3      | Reached skill level 1 in Crossbows
  1503 | D:3      | Reached skill level 1 in Throwing
  1503 | D:3      | Reached skill level 1 in Armour
  1503 | D:3      | Reached skill level 1 in Stealth
  1503 | D:3      | Reached skill level 1 in Shields
  1503 | D:3      | Reached skill level 1 in Invocations
  1503 | D:3      | Reached skill level 1 in Evocations
  1503 | D:3      | Reached XP level 4. HP: 34/34 MP: 9/11
  1507 | D:3      | Noticed a centaur
  1515 | D:3      | Killed a centaur
  1516 | D:3      | Reached skill level 1 in Conjurations
  1516 | D:3      | Reached skill level 1 in Hexes
  1516 | D:3      | Reached skill level 1 in Summonings
  1516 | D:3      | Reached skill level 1 in Necromancy
  1516 | D:3      | Reached skill level 1 in Translocations
  1516 | D:3      | Reached skill level 1 in Fire Magic
  1516 | D:3      | Reached skill level 1 in Ice Magic
  1516 | D:3      | Reached skill level 1 in Air Magic
  1516 | D:3      | Reached skill level 1 in Earth Magic
  1516 | D:3      | Reached skill level 1 in Poison Magic
  1516 | D:3      | Reached XP level 5. HP: 30/40 MP: 12/12
  2064 | D:4      | Noticed a black bear
  2073 | D:4      | Slain by a black bear

Illustrated notes

Levels and vault maps discovered:
D:1:      dpeg_arrival_prison, layout_basic, serial_shops,
          nicolae_shop_hallway_plus
D:2:      layout_basic, shapermc_ecumenical_altar_starsandcircs,
          uniq_crazy_yiuf_cottage
D:3:      minmay_door_path, layout_loops_ring, uniq_jessica
D:4:      layout_basic, kennysheep_generic_room_9

Skill      XL: |  1  2  3  4 |
---------------+-------------+-----
Spellcasting   | 5 |  5.2
Short Blades   | 1 |  1.4
Long Blades    | 1 |  1.4
Axes           | 1 |  1.4
Maces & Flails | 1 |  1.4
Polearms       | 1 |  1.4
Staves         | 1 |  1.4
Slings         | 1 |  1.4
Bows           | 1 |  1.4
Crossbows      | 1 |  1.4
Throwing       | 1 |  1.4
Armour         | 1 |  1.4
Stealth        | 1 |  1.4
Shields        | 1 |  1.4
Invocations    | 1 |  1.6
Evocations     | 1 |  1.4
Conjurations   | 1 |  1.1
Hexes          | 1 |  1.1
Summonings     | 1 |  1.1
Necromancy     | 1 |  1.1
Translocations | 1 |  1.1
Fire Magic     | 1 |  1.1
Ice Magic      | 1 |  1.1
Air Magic      | 1 |  1.1
Earth Magic    | 1 |  1.1
Poison Magic   | 1 |  1.1
Fighting       | |  2.9
Dodging        | |  4.7
Unarmed Combat | |  6.7
Transmutations | |  3.9

Action                   |  1- 3 |  4- 6 || total
-------------------------+-------+-------++-------
Melee: Unarmed           |    51 |    22 ||    73
       Bite              |     4 |     2 ||     6
       Kick              |     3 |     8 ||    11
       Headbutt          |     2 |     8 ||    10
       Punch             |     1 |       ||     1
 Cast: Beastly Appendage |     8 |     2 ||    10
 Stab: Sleeping          |       |     1 ||     1
Armor: Robe              |    15 |     3 ||    18
Dodge: Dodged            |    35 |    15 ||    50
